 Dungeon Crawl Stone Soup version 0.28-a0-241-gfbb0926a3a (webtiles) character file.

Game seed: 2631830818038963830

53684 Colgate the Executioner (level 14, -3/127 (129) HPs)
             Began as a Minotaur Berserker on Aug 24, 2021.
             Was a High Priest of Trog.
             Slain by an orc sorcerer (8 damage)
             ... on level 2 of the Orcish Mines.
             The game lasted 00:32:06 (21221 turns).

Colgate the Executioner (Minotaur Berserker)       Turns: 21221, Time: 00:32:06

HP:   -3/127 (129)  AC: 28    Str: 26    XL:     14   Next: 31%
MP:   13/13         EV: 14    Int:  4    God:    Trog [*****.]
Gold: 1961          SH:  0    Dex: 11    Spells: 13/13 levels left

rFire   . . .      SeeInvis .   u - +10 battleaxe of Instinct {vorpal, +Rage}
rCold   + . .      Faith    +   (shield currently unavailable)
rNeg    . . .      Spirit   .   l - +0 plate armour
rPois   .          Reflect  .   (helmet restricted)
rElec   +          Harm     .   j - +2 cloak
rCorr   .          Rampage  .   s - +2 pair of gloves
Will    +++..                   c - +0 pair of boots
Stlth   ..........              a - amulet of faith
HPRegen 1.31/turn               t - ring of the Salmon {EV+4 Int+3 Slay+3 Stlth+}
MPRegen 0.13/turn               n - ring "Meuqow" {rElec rC+ AC+4 Int-3}

@: strong-willed, on berserk cooldown, regenerating, slowed, lightly drained,
very slow
A: horns 2, retaliatory headbutt
a: Renounce Religion, Evoke Berserk Rage, Berserk, Trog's Hand, Brothers in Arms


You were on level 2 of the Orcish Mines.
You worshipped Trog.
Trog was extremely pleased with you.
You visited 3 branches of the dungeon, and saw 20 of its levels.

You collected 1961 gold pieces.


Innate Abilities, Weirdness & Mutations

You have a pair of horns on your head.
You reflexively headbutt those who attack you in melee.


   Skills:
 + Level 13.6 Fighting
 - Level 21.0 Axes
 - Level 13.0 Armour
 - Level 6.1 Dodging


You had 13 spell levels left.
You didn't know any spells.
Your spell library was empty.

Inventory:

Hand Weapons
 p - a +0 great mace
 u - the +10 battleaxe of Instinct (weapon) {vorpal, +Rage}
   (Trog gifted it to you on level 1 of the Orcish Mines)

   It inflicts extra damage upon your enemies.
   +Rage:     It lets you go berserk.
Missiles
 f - 6 javelins
Armour
 c - a +0 pair of boots (worn)
 j - a +2 cloak (worn)
 l - a +0 plate armour (worn)
 r - a +2 scale mail of fire resistance
 s - a +2 pair of gloves (worn)
Jewellery
 a - an amulet of faith (around neck)
 e - the ring "Huysk" {Fire Str+2 Dex+4}
   (You acquired it on level 10 of the Dungeon)

   [ring of fire]

   It enhances your fire magic.
   Str:       It affects your strength (+2).
   Dex:       It affects your dexterity (+4).
   rF:        It protects you from fire.
   rC:        It makes you vulnerable to cold.
 i - the ring "Ehoyryhe" {Str+6 Dex+4}
   (You found it on level 12 of the Dungeon)

   [ring of strength]

   Str:       It affects your strength (+6).
   Dex:       It affects your dexterity (+4).
 n - the ring "Meuqow" (right hand) {rElec rC+ AC+4 Int-3}
   (You took it off a deep elf pyromancer on level 11 of the Dungeon)

   [ring of protection]

   AC:        It affects your AC (+4).
   Int:       It affects your intelligence (-3).
   rC:        It protects you from cold.
   rElec:     It insulates you from electricity.
 t - the ring of the Salmon (left hand) {EV+4 Int+3 Slay+3 Stlth+}
   (You found it on level 11 of the Dungeon)

   [ring of evasion]

   EV:        It affects your evasion (+4).
   Int:       It affects your intelligence (+3).
   Slay:      It affects your accuracy & damage with ranged weapons and melee
   (+3).
   Stlth:     It makes you more stealthy.
 v - the ring of Zeahiq {Fire rCorr}
   (You found it on level 11 of the Dungeon)

   [ring of fire]

   It enhances your fire magic.
   rF:        It protects you from fire.
   rC:        It makes you vulnerable to cold.
   rCorr:     It protects you from acid and corrosion.
Wands
 q - a wand of iceblast (10)
Scrolls
 b - a scroll of identify
 o - 3 scrolls of teleportation
Potions
 d - 2 potions of might
 h - 6 potions of haste
 k - a potion of resistance
 m - a potion of curing

Dungeon Overview and Level Annotations

Branches:
Dungeon (12/15)            Temple (0/1) D:5            Lair (6/6) D:9
  Swamp (0/4) Lair:2        Snake (0/4) Lair:3        Slime (0/5) Lair:5
    Orc (2/2) D:12            Elf (0/3) Orc:2

Altars:
Ashenzari
Cheibriados
Dithmenos
Elyvilon
Fedhas
Gozag
Makhleb
Qazlal
Ru
Trog
Uskayaw
Yredelemnul
Zin
Beogh
Jiyva

Shops:
D:8 (

Portals:
Abyss: Orc:1

Annotations:
D:6 1 runed translucent door, Crazy Yiuf
Lair:2 1 runed translucent door, Onib's ghost, journeyman MiBe
Lair:4 1 runed translucent door, lupus83's ghost, journeyman SpEn
Orc:1 2 transporters, Conn's ghost, journeyman OpFE


Message History

Your two-headed ogre hits the hellwing with a +0 giant club!!!
The hellwing dies!
The orc warrior hits you but does no damage.
The orc priest mumbles some strange prayers to Beogh against you.
Beogh smites you!
The red devil hits you but does no damage.
The orc warrior hits you but does no damage.
The orc warrior hits you with a +0 battleaxe!
Something hits your two-headed ogre but does no damage.
The orc warrior closely misses you.
The orc warrior hits you but does no damage.
The orc warlord roars a battlecry!
The orcs go into a battle-frenzy!
The red devil hits you from afar with a +0 trident!
Your two-headed ogre hits the orc warrior with a +0 giant club!!!
The orc warrior dies!
Trog accepts your kill.
You hear a shout!
You slash the orc warrior! You headbutt the orc warrior.
You kill the orc warrior!
Trog accepts your kill.
You slice the orc sorcerer!! You slice the orc warlord!!
The orc no longer looks unusually strong.
The orc warrior barely misses you. Something hits your two-headed ogre.
The orc sorcerer points at you and mumbles some strange words.
The bolt of fire hits you but does no damage.
The orc warrior barely misses you.
Your two-headed ogre hits the orc priest with a +0 giant club!!
The orc priest dies!
Trog accepts your kill.
The orc warlord hits you but does no damage.
The orc warlord hits your two-headed ogre with a +1 war axe of freezing!!
The orc warlord freezes your two-headed ogre.
The red devil barely misses you. The orc warrior barely misses you.
You completely miss the orc sorcerer. Your headbutt misses the orc sorcerer.
The orc sorcerer is almost dead.
You slice the orc warlord!!
The orc warrior no longer looks unusually strong.
The orc sorcerer hits you with a +0 dagger!
You die...

.......###.####....#
#.
........#...#.....##
## ...........#......#
## ..........))......#
#. #......))).......##
##.
.#.....#######....##..
#.....# #........
#8.))8# #.##.....
#..o@)# #..#.....
#oO)o)# #......
#...{{ooo4. #...##....
##..oo.o...# ##..
#.... .....ooo.....
8.. ##...
............... #...
......_........ ##..
............... ##. ##


You could see an orc warlord (ally target), an orc sorcerer (strong), a red
devil (summoned), 3 orc warriors, 2 orc priests, an orc wizard (strong), 4 orcs
and a friendly two-headed ogre (summoned, berserk).

Vanquished Creatures
  2 hydras (D:11)
  Harold (Lair:2)
  A catoblepas (Lair:4)
  6 two-headed ogres
  6 death yaks
  Urug (Orc:1)
  An orc high priest (Orc:2)
  A skeletal warrior (D:11)
  2 lindwurms (Lair:5)
  A deep elf pyromancer (D:11)
  An oklob plant (Lair:4)
  4 orc knights
  2 ugly things
  2 orc sorcerers (Orc:2)
  2 cyclopes
  A manticore (D:11)
  Maurice (Orc:1)
  Joseph (D:10)
  2 black mambas
  6 cane toads
  7 elephants
  A guardian serpent (Lair:3)
  An unseen horror (D:11)
  5 komodo dragons
  7 rime drakes
  A freezing wraith (D:11)
  A rime drake (shapeshifter) (D:11)
  2 ice devils (Lair:3)
  A queen bee (D:10)
  3 trolls
  2 slime creatures (D:11)
  11 blink frogs
  4 dream sheep (Lair:4)
  A centaur simulacrum (D:12)
  5 wyverns
  2 shadows
  3 wraiths (D:11)
  Eustachio (D:5)
  6 basilisks
  38 yaks
  A vampire mosquito (D:11)
  2 steam dragons
  An acid dragon (D:11)
  A warg (Orc:1)
  Duvessa (D:7)
  13 water moccasins
  12 orc warriors
  A meliai simulacrum (D:11)
  A black bear (D:4)
  2 sky beasts
  2 necrophages (D:5)
  8 wolves
  13 ogres
  2 centaurs
  A phantom (D:5)
  2 gnoll sergeants (D:10)
  6 bullfrogs
  3 scorpions
  A water moccasin zombie (D:4)
  Dowan (D:7)
  A wyvern zombie (D:7)
  32 killer bees
  6 wights
  7 howler monkeys
  A bullfrog zombie (D:7)
  6 centaur zombies
  A crimson imp (D:8)
  2 bullfrog skeletons (D:6)
  2 jellies (D:5)
  2 hounds
  A gnoll shaman (D:9)
  7 orc priests
  15 orc wizards
  2 iguanas (D:5)
  6 hell rats (Lair:3)
  A scorpion zombie (D:5)
  A hound zombie (D:5)
  A howler monkey zombie (D:6)
  20 gnolls
  3 adders
  A white imp (D:8)
  3 ufetubi
  A worm (D:4)
  3 dart slugs
  31 orcs
  6 ball pythons
  7 endoplasms
  6 giant cockroaches
  7 goblins
  4 hobgoblins
  10 jackals
  8 kobolds
  4 bats
  2 frilled lizards
  3 rats
  A spectral orc (D:11)
434 creatures vanquished.

Vanquished Creatures (collateral kills)
  2 hydras
  4 death yaks (Lair:3)
  2 oklob plants (Lair:4)
  A troll (Orc:2)
  A dream sheep (Lair:4)
  A wyvern (Lair:6)
  A basilisk (Lair:4)
  3 orc warriors (Orc:2)
  An orc priest (Orc:2)
  An orc (Orc:2)
17 creatures vanquished.

Vanquished Creatures (others)
  An orc wizard (Orc:1)
  35 fungi
  44 plants
80 creatures vanquished.

Grand Total: 531 creatures vanquished

Notes
Turn   | Place    | Note
-------+----------+-------------------------------------------
     0 | D:1      | Colgate the Minotaur Berserker began the quest for the Orb.
     0 | D:1      | Reached XP level 1. HP: 19/19 MP: 0/0
     0 | D:1      | 0 ||| counter = 81
   249 | D:1      | Reached skill level 4 in Axes
   278 | D:1      | Reached XP level 2. HP: 26/26 MP: 1/1
   325 | D:1      | 325 ||| DROPPING +0 club.
  1006 | D:1      | 1006 ||| UPGRADING to +0 ring mail.
  1016 | D:1      | 1016 ||| DROPPING +0 animal skin.
  1017 | D:1      | 1017 ||| READING scroll labelled RAICUR NUORPH.
  1075 | D:2      | Reached skill level 5 in Axes
  1116 | D:2      | Reached XP level 3. HP: 31/31 MP: 2/2
  1672 | D:2      | 1672 ||| UPGRADING to amulet of faith.
  1677 | D:2      | 1677 ||| READING scroll labelled RORUSY JUCOIG.
  1678 | D:2      | 1678 ||| READING scroll labelled IPHEAZAPEO.
  1904 | D:3      | Reached ** piety under Trog
  1905 | D:3      | Reached skill level 6 in Axes
  1905 | D:3      | Reached XP level 4. HP: 39/39 MP: 3/3
  2251 | D:3      | Found a bloodstained altar of Trog.
  2284 | D:3      | Found a blossoming altar of Fedhas.
  2286 | D:3      | Found a broken altar of Ashenzari.
  2408 | D:3      | 2408 ||| UPGRADING to +0 cloak.
  2413 | D:3      | 2413 ||| READING 2 scrolls labelled SUWNIO COFUUH.
  2414 | D:3      | 2414 ||| READING scroll of enchant weapon.
  2414 | D:3      | 2414 ||| ENCHANTING +1 hand axe.
  2415 | D:3      | 2415 ||| DRINKING 2 sedimented ruby potions.
  2416 | D:3      | 2416 ||| READING 2 scrolls of identify.
  2416 | D:3      | 2416 ||| IDENTIFYING red potion
  2417 | D:3      | 2417 ||| DROPPING potion of brilliance.
  2494 | D:4      | Noticed a black bear
  2504 | D:4      | Killed a black bear
  2505 | D:4      | Reached skill level 7 in Axes
  2505 | D:4      | Reached XP level 5. HP: 37/45 MP: 4/4
  2588 | D:4      | Noticed a yak
  2588 | D:4      | Noticed a yak
  2588 | D:4      | Noticed a yak
  2589 | D:4      | Noticed a yak
  2589 | D:4      | Noticed a yak
  2608 | D:4      | 2608 ||| STAIRDANCE
  2664 | D:3      | 2664 ||| UPGRADING to +0 scale mail.
  2674 | D:3      | 2674 ||| DROPPING +0 ring mail.
  2675 | D:3      | 2675 ||| READING scroll labelled MYNURGH ESSAM.
  2678 | D:4      | 2678 ||| STAIRDANCE
  2685 | D:3      | Killed a yak
  2686 | D:3      | Reached XP level 6. HP: 55/56 MP: 5/5
  2692 | D:4      | 2692 ||| STAIRDANCE
  2694 | D:3      | 2694 ||| INVOKING Berserk.
  2697 | D:3      | Killed a yak
  2698 | D:3      | Reached skill level 8 in Axes
  2698 | D:3      | Killed a yak
  2699 | D:3      | Reached skill level 9 in Axes
  2699 | D:3      | Reached XP level 7. HP: 33/61 MP: 6/6
  2890 | D:4      | 2890 ||| STAIRDANCE
  2897 | D:3      | 2897 ||| INVOKING Berserk.
  2901 | D:3      | Killed a yak
  3102 | D:4      | Killed a yak
  3103 | D:4      | Reached skill level 10 in Axes
  3103 | D:4      | 3103 ||| STAIRDANCE
  3400 | D:4      | 3400 ||| INVOKING Berserk.
  3410 | D:4      | Reached skill level 6 in Fighting
  3645 | D:4      | 3645 ||| INVOKING Berserk.
  3649 | D:4      | Reached skill level 3 in Armour
  3649 | D:4      | Reached XP level 8. HP: 70/70 MP: 7/7
  3726 | D:4      | Found a white marble altar of Elyvilon.
  3734 | D:4      | 3734 ||| INVOKING Berserk.
  3998 | D:4      | 3998 ||| UPGRADING to ring of resist corrosion.
  3999 | D:4      | 3999 ||| READING scroll labelled ZEHIUT EBBI.
  4000 | D:4      | 4000 ||| READING scroll labelled PUGOAC ZAANT.
  4015 | D:5      | Entered Level 5 of the Dungeon
  4046 | D:5      | Noticed Eustachio
  4058 | D:5      | Reached skill level 11 in Axes
  4067 | D:5      | Killed Eustachio
  4185 | D:5      | Found a sacrificial altar of Ru.
  4185 | D:5      | Found a snail-covered altar of Cheibriados.
  4248 | D:5      | Found a staircase to the Ecumenical Temple.
  4258 | D:5      | Reached skill level 3 in Dodging
  4380 | D:5      | 4380 ||| INVOKING Berserk.
  4562 | D:5      | Reached *** piety under Trog
  4637 | D:5      | Reached skill level 12 in Axes
  4663 | D:5      | 4663 ||| INVOKING Berserk.
  4666 | D:5      | Reached XP level 9. HP: 81/81 MP: 8/8
  4739 | D:5      | Found a stormy altar of Qazlal.
  4890 | D:5      | 4890 ||| INVOKING Berserk.
  4933 | D:5      | 4933 ||| SWAPPING to +3 executioner's axe of freezing.
  4934 | D:5      | 4934 ||| DROPPING +2 hand axe.
  5026 | D:5      | 5026 ||| INVOKING Berserk.
  5165 | D:5      | 5165 ||| INVOKING Berserk.
  5356 | D:5      | 5356 ||| INVOKING Berserk.
  5586 | D:5      | 5586 ||| READING scroll labelled FAFYUC UREMM.
  5590 | D:5      | 5590 ||| READING scroll labelled DUDORCH GO GATTAGRY.
  5591 | D:5      | 5591 ||| DRINKING 2 sapphire potions.
  5592 | D:5      | 5592 ||| READING 2 scrolls of identify.
  5592 | D:5      | 5592 ||| IDENTIFYING silvery potion
  5593 | D:5      | 5593 ||| DROPPING potion of attraction.
  5642 | D:6      | 5642 ||| INVOKING Berserk.
  5798 | D:6      | 5798 ||| INVOKING Berserk.
  5873 | D:6      | Reached skill level 13 in Axes
  6422 | D:6      | Reached skill level 9 in Fighting
  6659 | D:6      | Found a runed translucent door.
  6660 | D:6      | Noticed Crazy Yiuf
  6737 | D:6      | 6737 ||| UPGRADING to +0 chain mail.
  6747 | D:6      | 6747 ||| DROPPING +0 scale mail.
  6748 | D:6      | 6748 ||| DROPPING ring of flight.
  6749 | D:6      | 6749 ||| UPGRADING to +4 ring of protection.
  6951 | D:7      | Reached skill level 6 in Armour
  7072 | D:7      | Reached **** piety under Trog
  7306 | D:7      | Noticed Duvessa
  7310 | D:7      | Noticed Dowan
  7328 | D:7      | Killed Duvessa
  7336 | D:7      | Killed Dowan
  7559 | D:7      | Found a basalt altar of Yredelemnul.
  7559 | D:7      | Found a hide-covered altar of Uskayaw.
  7582 | D:7      | 7582 ||| UPGRADING to +2 scale mail of fire resistance.
  7592 | D:7      | 7592 ||| READING scroll labelled QIZIZ WUDYECZUX.
  7593 | D:7      | 7593 ||| READING 3 scrolls of identify.
  7593 | D:7      | 7593 ||| IDENTIFYING viscous red potion
  7594 | D:7      | 7594 ||| READING 2 scrolls of identify.
  7594 | D:7      | 7594 ||| IDENTIFYING inky potion
  7595 | D:7      | 7595 ||| DROPPING potion of degeneration.
  7743 | D:8      | Reached XP level 10. HP: 89/91 MP: 9/9
  7754 | D:8      | 7754 ||| DROPPING +0 whip.
  7940 | D:8      | Found Jystrem's Antique Weapon Shoppe.
  7991 | D:8      | Reached skill level 14 in Axes
  8401 | D:8      | 8401 ||| Stepping ~*~*~tactically~*~*~ (water).
  8437 | D:8      | 8437 ||| UPGRADING to +0 pair of gloves.
  8442 | D:8      | 8442 ||| READING scroll labelled ACETUPHILA.
  8443 | D:8      | 8443 ||| DRINKING 2 fizzy dark potions.
  8444 | D:8      | 8444 ||| READING 2 scrolls of identify.
  8444 | D:8      | 8444 ||| IDENTIFYING lumpy coppery potion
  8445 | D:8      | 8445 ||| DROPPING potion of invisibility.
  8446 | D:8      | 8446 ||| DROPPING potion of lignification.
  8468 | D:9      | Noticed an elephant
  8468 | D:9      | Found a staircase to the Lair.
  8475 | D:9      | Killed an elephant
  8482 | D:9      | 8482 ||| STAIRDANCE
  8588 | Lair:1   | Entered Level 1 of the Lair of Beasts
  8589 | Lair:1   | 8589 ||| Entered L.
  8845 | Lair:1   | Noticed a cane toad
  8849 | Lair:1   | Killed a cane toad
  8850 | Lair:1   | Reached skill level 15 in Axes
  9302 | Lair:1   | 9302 ||| UPGRADING to ring of willpower.
  9304 | Lair:1   | 9304 ||| UPGRADING to +4 ring of protection.
  9306 | Lair:1   | 9306 ||| DROPPING ring of ice.
  9307 | Lair:1   | 9307 ||| DROPPING ring of resist corrosion.
  9308 | Lair:1   | 9308 ||| DROPPING ring of willpower.
  9309 | Lair:1   | 9309 ||| READING 3 scrolls of identify.
  9309 | Lair:1   | 9309 ||| IDENTIFYING sedimented pink potion
  9368 | Lair:2   | Noticed a cane toad
  9373 | Lair:2   | Killed a cane toad
  9377 | Lair:2   | 9377 ||| INVOKING Berserk.
  9407 | Lair:2   | 9407 ||| INVOKING Berserk.
  9645 | Lair:2   | 9645 ||| INVOKING Berserk.
  9709 | Lair:2   | Found a staircase to the Swamp.
  9739 | Lair:2   | Noticed a black mamba
  9742 | Lair:2   | 9742 ||| INVOKING Berserk.
  9744 | Lair:2   | Killed a black mamba
  9756 | Lair:2   | Reached XP level 11. HP: 71/99 MP: 10/10
  9908 | Lair:2   | Reached skill level 16 in Axes
  9928 | Lair:2   | 9928 ||| INVOKING Berserk.
 10160 | Lair:2   | Noticed Harold
 10195 | Lair:2   | 10195 ||| INVOKING Berserk.
 10199 | Lair:2   | Killed Harold
 10270 | Lair:2   | Found a runed translucent door.
 10600 | Lair:2   | Reached ***** piety under Trog
 10958 | Lair:2   | Reached skill level 17 in Axes
 11061 | Lair:2   | Identified the +10 spear of the Shining Light {flame,
                  | Int+3}
 11061 | Lair:2   | Noticed a spriggan rider
 11063 | Lair:2   | Noticed Onib's ghost (journeyman MiBe)
 11168 | Lair:2   | 11168 ||| DROPPING +0 chain mail.
 11169 | Lair:2   | 11169 ||| UPGRADING to +0 plate armour.
 11179 | Lair:2   | 11179 ||| DROPPING ring of positive energy.
 11180 | Lair:2   | 11180 ||| READING 2 scrolls of identify.
 11180 | Lair:2   | 11180 ||| IDENTIFYING cyan potion
 11181 | Lair:2   | 11181 ||| DROPPING potion of berserk rage.
 11216 | Lair:3   | Noticed a seven-headed hydra
 11217 | Lair:3   | 11217 ||| INVOKING Brothers in Arms.
 11219 | Lair:3   | 11219 ||| SWAPPING to +0 flail.
 11220 | Lair:3   | 11220 ||| INVOKING Berserk.
 11222 | Lair:3   | Killed a seven-headed hydra
 11227 | Lair:3   | 11227 ||| SWAPPING to +3 executioner's axe of freezing.
 11487 | Lair:3   | 11487 ||| INVOKING Berserk.
 11581 | Lair:3   | Found a staircase to the Snake Pit.
 11591 | Lair:3   | 11591 ||| INVOKING Berserk.
 11851 | Lair:3   | Noticed a death yak
 11852 | Lair:3   | 11852 ||| INVOKING Brothers in Arms.
 11853 | Lair:3   | 11853 ||| INVOKING Brothers in Arms.
 11854 | Lair:3   | Noticed a death yak
 11854 | Lair:3   | Noticed a death yak
 11855 | Lair:3   | Noticed a death yak
 11855 | Lair:3   | Noticed a death yak
 11856 | Lair:3   | 11856 ||| INVOKING Berserk.
 11856 | Lair:3   | Killed a death yak
 11857 | Lair:3   | Reached skill level 9 in Armour
 11858 | Lair:3   | Killed a death yak
 11861 | Lair:3   | Killed a death yak
 11861 | Lair:3   | Killed a death yak
 11864 | Lair:3   | Killed a death yak
 12153 | Lair:3   | Reached XP level 12. HP: 92/106 MP: 11/11
 12638 | Lair:3   | 12638 ||| READING scroll labelled GECVAMOGUC.
 12884 | Lair:4   | 12884 ||| INVOKING Brothers in Arms.
 12901 | Lair:4   | 12901 ||| INVOKING Berserk.
 13125 | Lair:4   | 13125 ||| READING scroll labelled WUKERUC USTRURUTRE.
 13129 | Lair:4   | Noticed a death yak
 13130 | Lair:4   | 13130 ||| INVOKING Brothers in Arms.
 13131 | Lair:4   | Noticed a death yak
 13131 | Lair:4   | Noticed a death yak
 13131 | Lair:4   | Noticed a death yak
 13132 | Lair:4   | 13132 ||| INVOKING Brothers in Arms.
 13134 | Lair:4   | Noticed a death yak
 13135 | Lair:4   | 13135 ||| INVOKING Berserk.
 13138 | Lair:4   | Killed a death yak
 13140 | Lair:4   | Killed a death yak
 13140 | Lair:4   | Killed a death yak
 13141 | Lair:4   | Killed a death yak
 13142 | Lair:4   | Reached skill level 18 in Axes
 13142 | Lair:4   | Killed a death yak
 13187 | Lair:4   | Found a runed translucent door.
 13188 | Lair:4   | Noticed lupus83's ghost (journeyman SpEn)
 13429 | Lair:4   | Noticed a catoblepas
 13430 | Lair:4   | 13430 ||| Stepping ~*~*~tactically~*~*~ (cloud).
 13432 | Lair:4   | 13432 ||| INVOKING Berserk.
 13434 | Lair:4   | Killed a catoblepas
 13446 | Lair:4   | 13446 ||| INVOKING Brothers in Arms.
 13747 | Lair:4   | Reached skill level 19 in Axes
 13756 | Lair:4   | 13756 ||| STAIRDANCE
 13767 | Lair:3   | 13767 ||| STAIRDANCE
 13844 | Lair:2   | 13844 ||| UPGRADING to +0 pair of boots.
 14306 | Lair:5   | Found a viscous altar of Jiyva.
 14306 | Lair:5   | Found a staircase to the Slime Pits.
 14533 | Lair:5   | 14533 ||| INVOKING Berserk.
 14576 | Lair:5   | 14576 ||| INVOKING Brothers in Arms.
 14579 | Lair:5   | 14579 ||| INVOKING Berserk.
 14720 | Lair:5   | Reached XP level 13. HP: 103/117 MP: 12/12
 14843 | Lair:5   | Reached skill level 12 in Fighting
 14938 | Lair:5   | 14938 ||| STAIRDANCE
 15022 | Lair:4   | 15022 ||| UPGRADING to +1 cloak.
 15032 | Lair:4   | 15032 ||| DROPPING +0 cloak.
 15033 | Lair:4   | 15033 ||| DROPPING +6 ring of strength.
 15034 | Lair:4   | 15034 ||| READING scroll labelled DASOUSM UWUXI.
 15063 | Lair:5   | 15063 ||| STAIRDANCE
 15275 | Lair:5   | Reached skill level 12 in Armour
 15579 | Lair:6   | Entered Level 6 of the Lair of Beasts
 15580 | Lair:6   | 15580 ||| INVOKING Brothers in Arms.
 15581 | Lair:6   | 15581 ||| SWAPPING to +0 flail.
 15583 | Lair:6   | 15583 ||| INVOKING Berserk.
 15599 | Lair:6   | 15599 ||| SWAPPING to +3 executioner's axe of freezing.
 16174 | D:9      | You fall into a shaft and drop 2 floors!
 16175 | D:11     | 16175 ||| Shafted from D:9 to D:11.
 16248 | D:10     | Entered Level 10 of the Dungeon
 16310 | D:10     | 16310 ||| Stepping ~*~*~tactically~*~*~ (cloud).
 16311 | D:10     | 16311 ||| Stepping ~*~*~tactically~*~*~ (cloud).
 16363 | D:9      | 16363 ||| Successfully unshafted to D:9.
 16795 | D:9      | 16795 ||| READING scroll labelled HUZIVUBR QEESIRE.
 16852 | D:10     | 16852 ||| INVOKING Berserk.
 16874 | D:10     | 16874 ||| INVOKING Brothers in Arms.
 16896 | D:10     | 16896 ||| INVOKING Brothers in Arms.
 16897 | D:10     | 16897 ||| INVOKING Brothers in Arms.
 16901 | D:10     | HP: 24/118 [killer bee (7)]
 16902 | D:10     | 16902 ||| DRINKING 2 potions of heal wounds.
 16907 | D:10     | HP: 29/118 [killer bee (3)]
 16908 | D:10     | 16908 ||| DRINKING potion of heal wounds.
 17156 | D:10     | 17156 ||| DROPPING +0 flail.
 17223 | D:10     | Found a shadowy altar of Dithmenos.
 17484 | D:10     | Noticed Joseph
 17491 | D:10     | Killed Joseph
 17492 | D:10     | Reached skill level 20 in Axes
 17718 | D:10     | Found a glowing silver altar of Zin.
 17720 | D:10     | Found a burning altar of Makhleb.
 17722 | D:10     | Noticed an angel
 17724 | D:10     | Noticed an Executioner
 17951 | D:11     | Found a basalt altar of Yredelemnul.
 18145 | D:11     | 18145 ||| STAIRDANCE
 18307 | D:10     | 18307 ||| UPGRADING to +2 cloak.
 18317 | D:10     | 18317 ||| DROPPING +1 cloak.
 18318 | D:10     | 18318 ||| READING scroll labelled HUNGAO BEUMIO.
 18318 | D:10     | Identified a scroll of acquirement
 18318 | D:10     | 18318 ||| ACQUIRING ring "Huysk" {Fire Str+2 Dex+4}
 18318 | D:10     | Acquired the ring "Huysk" {Fire Str+2 Dex+4}
 18353 | D:11     | Received a gift from Trog
 18361 | D:11     | 18361 ||| INVOKING Berserk.
 18565 | D:11     | 18565 ||| DROPPING +4 vorpal battleaxe.
 18608 | D:11     | Reached skill level 6 in Dodging
 18644 | D:11     | 18644 ||| STAIRDANCE
 18703 | D:11     | 18703 ||| INVOKING Brothers in Arms.
 18704 | D:11     | 18704 ||| SWAPPING to +0 morningstar.
 18705 | D:11     | 18705 ||| INVOKING Berserk.
 18720 | D:11     | 18720 ||| SWAPPING to +3 executioner's axe of freezing.
 18876 | D:11     | Identified the ring "Meuqow" {rElec rC+ AC+4 Int-3}
 18877 | D:11     | 18877 ||| INVOKING Berserk.
 18925 | D:11     | 18925 ||| INVOKING Brothers in Arms.
 18930 | D:11     | 18930 ||| SWAPPING to +0 morningstar.
 18931 | D:11     | 18931 ||| INVOKING Berserk.
 18938 | D:11     | Reached XP level 14. HP: 129/129 MP: 13/13
 18946 | D:11     | 18946 ||| SWAPPING to +3 executioner's axe of freezing.
 19011 | D:11     | Identified the ring of the Salmon {EV+4 Int+3 Slay+3
                  | Stlth+}
 19018 | D:11     | Identified the ring "Jyck" {Will++ Int+6}
 19021 | D:11     | Identified the ring of Zeahiq {Fire rCorr}
 19362 | D:11     | 19362 ||| UPGRADING to ring "Meuqow" {rElec rC+ AC+4
                  | Int-3}.
 19364 | D:11     | 19364 ||| DROPPING +4 ring of protection.
 19365 | D:11     | 19365 ||| UPGRADING to ring of the Salmon {EV+4 Int+3
                  | Slay+3 Stlth+}.
 19367 | D:11     | 19367 ||| DROPPING ring "Jyck" {Will++ Int+6}.
 19368 | D:11     | 19368 ||| DROPPING +6 ring of dexterity.
 19369 | D:11     | 19369 ||| DROPPING +4 ring of protection.
 19370 | D:11     | 19370 ||| READING 2 scrolls of identify.
 19370 | D:11     | 19370 ||| IDENTIFYING metallic red potion
 19435 | D:12     | 19435 ||| STAIRDANCE
 19449 | D:11     | 19449 ||| READING scroll of enchant armour.
 19449 | D:11     | 19449 ||| ENCHANTING +0 pair of gloves.
 19452 | D:12     | 19452 ||| STAIRDANCE
 19457 | D:11     | 19457 ||| READING 2 scrolls of identify.
 19457 | D:11     | 19457 ||| IDENTIFYING glowing puce potion
 19458 | D:11     | 19458 ||| DROPPING potion of flight.
 19635 | D:12     | Found an opulent altar of Gozag.
 19794 | D:12     | 19794 ||| READING scroll of enchant armour.
 19794 | D:12     | 19794 ||| ENCHANTING +1 pair of gloves.
 19815 | D:12     | Reached skill level 21 in Axes
 19863 | D:12     | Identified the ring "Ehoyryhe" {Str+6 Dex+4}
 19941 | D:12     | Found a staircase to the Orcish Mines.
 20009 | D:12     | 20009 ||| DROPPING +0 morningstar.
 20162 | Orc:1    | Entered Level 1 of the Orcish Mines
 20162 | Orc:1    | Found a transporter.
 20163 | Orc:1    | 20163 ||| Entered O.
 20167 | Orc:1    | 20167 ||| STAIRDANCE
 20172 | Orc:1    | 20172 ||| INVOKING Berserk.
 20178 | Orc:1    | 20178 ||| STAIRDANCE
 20245 | Orc:1    | Noticed Maurice
 20256 | Orc:1    | Killed Maurice
 20317 | Orc:1    | Found a transporter.
 20379 | Orc:1    | Noticed a tentacled starspawn
 20392 | Orc:1    | Noticed Urug
 20403 | Orc:1    | Killed Urug
 20809 | Orc:1    | Identified the +10 battleaxe of Instinct {vorpal, +Rage}
                  | (Trog gifted it to you on level 1 of the Orcish Mines)
 20809 | Orc:1    | Received a gift from Trog
 20822 | Orc:1    | 20822 ||| SWAPPING to +10 battleaxe of Instinct {vorpal,
                  | +Rage}.
 20823 | Orc:1    | 20823 ||| DROPPING +3 executioner's axe of freezing.
 20974 | Orc:1    | Found a one-way gate to the infinite horrors of the Abyss.
 20977 | Orc:1    | Noticed Conn's ghost (journeyman OpFE)
 21047 | Orc:2    | Entered Level 2 of the Orcish Mines
 21149 | Orc:2    | Found a staircase to the Elven Halls.
 21187 | Orc:2    | 21187 ||| INVOKING Berserk.
 21208 | Orc:2    | Noticed an orc warlord
 21211 | Orc:2    | 21211 ||| INVOKING Trog's Hand.
 21212 | Orc:2    | 21212 ||| INVOKING Brothers in Arms.
 21214 | Orc:2    | HP: 27/125 [orc sorcerer/bolt of negative energy (13)]
 21215 | Orc:2    | 21215 ||| DRINKING 2 potions of heal wounds.
 21218 | Orc:2    | HP: 9/125 [orc warrior[an orc warlord] (19)]
 21219 | Orc:2    | 21219 ||| DRINKING potion of heal wounds.
 21219 | Orc:2    | HP: 3/126 [red devil[an orc sorcerer] (10)]
 21221 | Orc:2    | Slain by an orc sorcerer

Levels and vault maps discovered:
D:1:      ncdulo_smallfort, layout_basic
D:2:      layout_basic
D:3:      layout_basic, lightli_temple_of_fire,
          mainiacjoe_overflow_catwalk_spiral, minmay_statues_item
D:4:      layout_loops_ring, elyvilon_altar_1
D:5:      kennysheep_six_static_rooms, layout_basic,
          nicolae_qazlal_style_of_elements, mainiacjoe_overflow_divided_tiny,
          minmay_temple_entry_purple_smoke, minmay_tree_intersection,
          minmay_checkerbox, uniq_eustachio
D:6:      layout_cave_pods, uniq_crazy_yiuf_cottage
D:7:      layout_loops_ring, gammafunk_temple_overflow_elements, uniq_duvessa
D:8:      layout_cave_pools, serial_shops, nicolae_shop_behind_doors,
          minmay_fire_ice_demons
D:9:      layout_grid_maze, david_lair_generic, chequers_serial_rivers_micro_b
D:10:     layout_roguey [special_room_bee],
          grunt_temple_overflow_order_and_chaos_2, grunt_dithmenos_smoke,
          nrook_campfire, kennysheep_small_spiral, uniq_joseph
D:11:     minmay_the_grid_triangle_9x9_rhombus_full_mashed
          [minmay_the_grid_triangle_9x9_empty,
          minmay_the_grid_triangle_9x9_semitri,
          minmay_the_grid_triangle_9x9_cache,
          minmay_the_grid_triangle_9x9_empty,
          minmay_the_grid_triangle_9x9_thin_v,
          minmay_the_grid_triangle_9x9_warning,
          minmay_the_grid_triangle_9x9_skeleton,
          minmay_the_grid_triangle_9x9_prize_special], layout_loops_ring,
          yredelemnul_forgotten_temple_becter
D:12:     layout_loops_ring, orc_0_dummy,
          nicolae_gozag_cash_rules_everything_around_me
Lair:1:   layout_regular_city, grunt_megastairs_3
Lair:2:   layout_roguey, swamp_mist, ebering_ghost_funeral_grove,
          gauntlet_entry_generic, grunt_megastairs_4, uniq_harold
Lair:3:   layout_cave_pods, minmay_snake_entry_spellcaster,
          portal_ice_cave_demonic_guard, minivault_19
Lair:4:   layout_roguey, gammafunk_ghost_grave, serial_bayou_shore_b,
          grunt_megastairs_2, minmay_lair_oklob_chamber, serial_bayou_shore_a
Lair:5:   layout_small_grid, slime_altar_1, lemuel_fruit_tree
Lair:6:   guppyfry_lair_end_dragon, layout_layer_cave, hangedman_lair_in_review,
          minmay_lindwurm_lava
Orc:1:    layout_diamond_mine, basic_altar, gammafunk_ghost_abyssal_escape,
          uniq_urug, uniq_maurice
Orc:2:    grunt_orc_cross, layout_diamond_mine, basic_altar,
          ebering_ghost_inner_flame, statue_in_the_mist_lemuel

Skill      XL: |  1  2  3  4  5  6  7  8  9 10 11 12 13 14 |
---------------+-------------------------------------------+-----
Axes           | 4 5 6 7 9 10 12 13 15 17 19 20 21 | 21.0
Fighting       | 5 6 7 9 10 11 13 | 13.6
Armour         | 3 6 10 11 12 13 | 13.0
Dodging        | 3 4 5 6 |  6.1

Action                   |  1- 3 |  4- 6 |  7- 9 | 10-12 | 13-15 || total
-------------------------+-------+-------+-------+-------+-------++-------
Melee: Hand axe          |    91 |    35 |   142 |       |       ||   268
       Headbutt          |    12 |    10 |    48 |    48 |    76 ||   194
       Executioner's axe |       |       |    93 |   253 |   318 ||   664
       Unarmed           |       |       |     4 |       |       ||     4
       Flail             |       |       |       |     1 |    10 ||    11
       Morningstar       |       |       |       |       |    18 ||    18
       Battleaxe         |       |       |       |       |    34 ||    34
Invok: Berserk           |       |     1 |    12 |    15 |     8 ||    36
       Brothers in Arms  |       |       |       |     6 |     6 ||    12
       Trog's Hand       |       |       |       |       |     1 ||     1
  Use: Scroll            |     3 |     4 |     8 |     6 |     7 ||    28
       Potion            |       |     1 |     1 |     1 |     4 ||     7
 Stab: Sleeping          |     1 |       |       |       |       ||     1
       Invisible         |       |       |       |     4 |       ||     4
       Petrified         |       |       |       |     1 |       ||     1
Armor: Animal skin       |     6 |       |       |       |       ||     6
       Ring mail         |    13 |    16 |       |       |       ||    29
       Scale mail        |       |     2 |    43 |    67 |       ||   112
       Chain mail        |       |       |    22 |       |       ||    22
       Plate armour      |       |       |       |   108 |   366 ||   474
       Skin              |       |       |       |     1 |       ||     1
Dodge: Dodged            |    39 |    26 |   104 |   130 |   234 ||   533

Table legend:
 A = Non-vault XP
 B = Vault XP
 C = Vault XP percentage of total XP
 D = Non-vault monster count
 E = Vault monster count
 F = Vault count percentage of total count
                 A         B        C        D         E       F
            +---------+---------+-------+---------+---------+-------
      Total |   50957 |   25735 |  33.6 |     341 |     110 |  24.4
            +---------+---------+-------+---------+---------+-------
        D:1 |      33 |       0 |   0.0 |      18 |       0 |   0.0
        D:2 |      45 |       0 |   0.0 |      19 |       0 |   0.0
        D:3 |     844 |       0 |   0.0 |      18 |       0 |   0.0
        D:4 |     739 |       0 |   0.0 |      23 |       0 |   0.0
        D:5 |    1079 |     650 |  37.6 |      12 |      11 |  47.8
        D:6 |    1025 |       0 |   0.0 |      19 |       0 |   0.0
        D:7 |     753 |     223 |  22.8 |      15 |       2 |  11.8
        D:8 |    1135 |     263 |  18.8 |      19 |       3 |  13.6
        D:9 |    2042 |     808 |  28.4 |      12 |       3 |  20.0
       D:10 |    2470 |    2940 |  54.3 |      26 |      29 |  52.7
       D:11 |    4111 |    8958 |  68.5 |       9 |      24 |  72.7
       D:12 |    1468 |       0 |   0.0 |       9 |       0 |   0.0
     Lair:1 |     795 |      88 |  10.0 |       4 |       1 |  20.0
     Lair:2 |    5846 |    1904 |  24.6 |      25 |       4 |  13.8
     Lair:3 |    6035 |    1104 |  15.5 |      20 |       3 |  13.0
     Lair:4 |    7961 |    2609 |  24.7 |      20 |       8 |  28.6
     Lair:5 |    8908 |       0 |   0.0 |      31 |       0 |   0.0
     Lair:6 |    1992 |       0 |   0.0 |       5 |       0 |   0.0
      Orc:1 |    3299 |    1320 |  28.6 |      31 |       2 |   6.1
      Orc:2 |     377 |    4868 |  92.8 |       6 |      20 |  76.9
            +---------+---------+-------+---------+---------+-------
